 Dungeon Crawl Stone Soup version 0.30-a0-719-gcc4359ea44 (webtiles) character file.

Game seed: 14207402069462947652

876 browni3141 the Poker (level 7, -2/52 HPs)
             Began as a Mummy Cinder Acolyte on Jan 26, 2023.
             Was a High Priest of Ignis.
             Slain by Duvessa
             ... wielding a +0 short sword
              (12 damage)
             ... on level 5 of the Dungeon.
             The game lasted 00:08:15 (4920 turns).

browni3141 the Poker (Mummy Cinder Acolyte)         Turns: 4920, Time: 00:08:16

Health: -2/52      AC:  6    Str: 20    XL:     7   Next: 74%
Magic:  2/10       EV: 10    Int: 13    God:    Ignis [*****.]
Gold:   213        SH:  0    Dex:  7    Spells: 8/10 levels left

rFire   . . .      SeeInvis .    a - +0 trident
rCold   + . .      Faith    +    (no shield)
rNeg    + + +      Spirit   .    e - +0 ring mail
rPois   ∞          Reflect  .    (no helmet)
rElec   .          Harm     .    m - +0 cloak
rCorr   .          Rampage  .    (no gloves)
Will    +....                    (no boots)
Stlth   +                        (no amulet)
HPRegen 0.28/turn                k - ring of willpower
MPRegen 0.12/turn                (no ring)

@: studying Ranged Weapons
A: cold resistance 1, negative energy resistance 3, torment resistance 2, heat
vulnerability 1, in touch with death 1, no potions, faith
a: Renounce Religion, Fiery Armour, Foxfire Swarm, Rising Flame


You were on level 5 of the Dungeon.
You worshipped Ignis.
Ignis was extremely pleased with you.
You visited 1 branch of the dungeon, and saw 5 of its levels.

You collected 213 gold pieces.

Inventory:

Hand Weapons
 a - a +0 trident (weapon)
 b - a +0 sling
 g - a -1 spear of flaming
Armour
 e - a +0 ring mail (worn)
 f - a +0 robe
 m - a +0 cloak (worn)
Jewellery
 k - a ring of willpower (left hand)
 r - a +4 ring of protection
Wands
 l - a wand of mindburst (4)
 q - a wand of polymorph (12)
Scrolls
 c - 3 scrolls of vulnerability
 d - a scroll of identify {unknown}
 h - a scroll of poison
 i - a scroll of blinking
 j - a scroll of enchant weapon {unknown}
 n - a scroll of summoning {unknown}
 o - a scroll of enchant armour {unknown}
 p - 2 scrolls of teleportation {unknown}


   Skills:
 - Level 3.0 Fighting
 * Level 4.8 Polearms
 - Level 2.0 Ranged Weapons
 - Level 2.0 Armour
 - Level 2.0 Stealth
 - Level 2.0 Spellcasting
 - Level 4.0 Fire Magic
 - Level 3.0 Evocations


You had 8 spell levels left.
You knew the following spells:

 Your Spells              Type           Power      Damage    Failure   Level
a - Scorch                Fire           22%        2d6       12%         2

Your spell library contained the following spells:

 Spells                   Type           Power      Damage    Failure   Level
 Ignite Poison            Fire/Tmut/Pois 4%         N/A       58%         3
 Kindle Blastsparks       Fire/Tloc/Air  8%         2d10      58%         3
 Flame Wave               Conj/Fire      6%         2d5       88%         4
 Freezing Cloud           Conj/Ice/Air   0%         6-21      100%        5
 Summon Cactus Giant      Summ           0%         N/A       100%        6


Dungeon Overview and Level Annotations

Branches:
Dungeon (5/15)             Temple (0/1) D:4

Altars:

Annotations:
D:3 1 runed translucent door, Cancer's ghost, amateur DjWr
D:5 Duvessa


Innate Abilities, Weirdness & Mutations

You are immune to poison.
Your flesh is cold resistant. (rC+)
You are immune to negative energy. (rN+++)
You are immune to unholy pain and torment.
You are vulnerable to heat. (rF-)
You are in touch with the powers of death.
You do not drink.
You have a special connection with the divine. (Faith)


Message History

Flames lash Duvessa.
Duvessa is lightly wounded.
Duvessa's fire resistance burns away.
Duvessa rages.
Flames lash Duvessa but do no damage.
Duvessa hits you with a +0 short sword! Duvessa hits you with a +0 short sword.
Flames lash Duvessa.
Duvessa is burned terribly!
Duvessa is moderately wounded.
Duvessa barely misses you.
Aiming: Polymorph
Press: ? - help, Shift-Dir - straight line, f - Duvessa
Aim: Duvessa, wielding a +0 short sword and wearing a +0 leather armour (moderately wounded, berserk, more vulnerable to fire, will become a scorpion, a wyvern, or a wolf, chance to affect: 38%)
Okay, then.
Unknown command.
Unknown command.
Aiming: Mindburst
Press: ? - help, Shift-Dir - straight line, f - Duvessa
Aim: Duvessa, wielding a +0 short sword and wearing a +0 leather armour (moderately wounded, berserk, more vulnerable to fire, chance to affect: 60%) Duvessa's mind is blasted!!
Duvessa hits you with a +0 short sword. x2
Aiming: Mindburst
Press: ? - help, Shift-Dir - straight line, f/p - Duvessa
Aim: Duvessa, wielding a +0 short sword and wearing a +0 leather armour (heavily wounded, berserk, more vulnerable to fire, chance to affect: 60%) Duvessa resists with significant effort.
Duvessa hits you with a +0 short sword!
Aiming: Mindburst
Press: ? - help, Shift-Dir - straight line, f/p - Duvessa
Aim: Duvessa, wielding a +0 short sword and wearing a +0 leather armour (heavily wounded, berserk, more vulnerable to fire, chance to affect: 60%) Duvessa's mind is blasted!
Duvessa hits you but does no damage. Duvessa hits you with a +0 short sword!
* * * LOW HITPOINT WARNING * * *
Aiming: Mindburst
Press: ? - help, Shift-Dir - straight line, f/p - Duvessa
Aim: Duvessa, wielding a +0 short sword and wearing a +0 leather armour (severely wounded, berserk, more vulnerable to fire, chance to affect: 60%) Duvessa resists with significant effort.
Duvessa misses you.
Aiming: Mindburst
Press: ? - help, Shift-Dir - straight line, f/p - Duvessa
Aim: Duvessa, wielding a +0 short sword and wearing a +0 leather armour (severely wounded, berserk, more vulnerable to fire, chance to affect: 60%) Duvessa's mind is blasted!
Duvessa hits you with a +0 short sword!
You die...

#................#
#######
##...######.......#
# #......#
#####)### #
#....#.# #)#
####### #....#.#
#.#####..)...
#......#
#.......#####
#.###..#####
###..........
#.#......e.#
#.##..[#...
#......###@#
#.##.....##
###.#.## #.#
#.###..#### #.#.#
#.# #.###.(....
....# #.#
#.......... ##.###
#.# ########### #.
... # #.# #.. ###


You could see Duvessa (berserk, combustible).

Vanquished Creatures
  Menkaure (D:4)
  A water moccasin (D:5)
  An ice beast (D:5)
  A black bear (D:5)
  An ogre (D:4)
  A phantom (D:5)
  A scorpion (D:5)
  Dowan (D:5)
  An iguana (D:5)
  Ijyb (D:3)
  3 gnolls (D:3)
  3 adders
  A white imp (D:4)
  An ufetubus (D:5)
  A worm (D:2)
  A dart slug (D:2)
  10 orcs
  A bat (D:3)
  8 endoplasms
  A giant cockroach (D:1)
  10 goblins
  7 hobgoblins
  4 jackals (D:2)
  A quokka (D:4)
  6 ball pythons
  4 frilled lizards
  10 kobolds
  6 rats
88 creatures vanquished.

Vanquished Creatures (others)
  6 foxfires (D:3)
6 creatures vanquished.

Grand Total: 94 creatures vanquished

Notes
Turn   | Place    | Note
-------+----------+-------------------------------------------
     0 | D:1      | browni3141 the Mummy Cinder Acolyte began the quest for the
                  | Orb.
     0 | D:1      | Reached XP level 1. HP: 18/18 MP: 2/2
   180 | D:1      | Reached skill level 1 in Stealth
   281 | D:1      | Reached XP level 2. HP: 23/24 MP: 4/4
  1160 | D:2      | Gained mutation: You are in touch with the powers of death.
                  | [Mummy growth]
  1160 | D:2      | Reached XP level 3. HP: 25/29 MP: 5/5
  1163 | D:2      | Learned a level 2 spell: Scorch
  1466 | D:2      | Reached skill level 1 in Armour
  1819 | D:3      | Found a faded altar of an unknown god.
  1846 | D:3      | Reached skill level 1 in Ranged Weapons
  2206 | D:3      | Found a runed translucent door.
  2207 | D:3      | Noticed a bullfrog
  2208 | D:3      | Noticed Cancer's ghost (amateur DjWr)
  2262 | D:3      | Reached XP level 4. HP: 35/35 MP: 7/7
  2773 | D:3      | Noticed Ijyb
  2777 | D:3      | Killed Ijyb
  2778 | D:3      | Reached XP level 5. HP: 33/41 MP: 1/8
  3475 | D:4      | Noticed Menkaure
  3480 | D:4      | Killed Menkaure
  3481 | D:4      | Reached XP level 6. HP: 39/47 MP: 0/9
  3560 | D:4      | Found a staircase to the Ecumenical Temple.
  4232 | D:5      | Entered Level 5 of the Dungeon
  4241 | D:5      | Noticed a water moccasin
  4280 | D:5      | Reached skill level 1 in Evocations
  4331 | D:5      | Noticed an ice beast
  4347 | D:5      | Killed an ice beast
  4348 | D:5      | Reached XP level 7. HP: 52/52 MP: 1/10
  4740 | D:5      | Noticed Dowan
  4740 | D:5      | Noticed Duvessa
  4781 | D:5      | Killed Dowan
  4920 | D:5      | Slain by Duvessa

Illustrated notes

Levels and vault maps discovered:
D:1:      dpeg_arrival_castle, layout_loops_ring,
          chequers_serial_rivers_micro_c, grunt_decor_one_mirror, nrook_uturn,
          dk_noncrumbling_3, chequers_serial_rivers_small_a, minmay_pentomino_v4
D:2:      cheibrodos_pilgrimage, layout_loops_ring, kennysheep_generic_room_14
D:3:      layout_loops_corners, zin_treasury, ebering_ghost_sewer_d,
          basic_ecumenical_altar, minmay_cupped, uniq_ijyb
D:4:      layout_basic, minmay_temple_entry_stoned_glass, uniq_menkaure
D:5:      layout_loops_cross, nicolae_wu_jian_immortal_techniques, uniq_sigmund,
          uniq_duvessa

Skill      XL: |  1  2  3  4  5  6  7 |
---------------+----------------------+-----
Stealth        | 1 2 |  2.0
Armour         | 1 2 |  2.0
Ranged Weapons | 1 2 |  2.0
Spellcasting   | 2 |  2.0
Fire Magic     | 3 4 |  4.0
Polearms       | 3 4 |  4.8
Evocations     | 1 3 |  3.0
Fighting       | |  3.0

Action                     |  1- 3 |  4- 6 |  7- 9 || total
---------------------------+-------+-------+-------++-------
  Melee: Spear             |    66 |       |       ||    66
         Trident           |   110 |    72 |    28 ||   210
         Punch             |       |     1 |       ||     1
   Fire: Sling             |     8 |     2 |       ||    10
   Cast: Scorch            |       |    17 |    21 ||    38
 Invoke: Foxfire Swarm     |     1 |       |       ||     1
  Evoke: Wand              |       |     4 |     7 ||    11
    Use: Scroll            |       |     3 |       ||     3
 Armour: Robe              |     8 |       |       ||     8
         Ring mail         |    25 |    16 |    26 ||    67
  Dodge: Dodged            |    63 |    35 |    43 ||   141

Table legend: (Time is in decaauts)
 A = Elapsed time spent in this place.
 B = Non-inter-level travel time spent in this place.
 C = Inter-level travel time spent in this place.
 D = Time resting spent in this place.
 E = Time spent auto-exploring this place.
 F = Levels seen in this place.
 G = Mean time per level.
                   A        B        C        D        E       F      G
               +--------+--------+--------+--------+--------+-----+--------+
         Total |   4967 |   4659 |    308 |    143 |   3675 |   5 |  993.4 |
       Dungeon |   4967 |   4659 |    308 |    143 |   3675 |   5 |  993.4 |
               +--------+--------+--------+--------+--------+-----+--------+

Top non-repeatable levels by time:
     D:3: 1418 daAuts
     D:1: 1097 daAuts
     D:4: 894 daAuts
     D:2: 865 daAuts
     D:5: 692 daAuts
